 Dungeon Crawl Stone Soup version 0.20-a0-537-g052e6ba (webtiles) character file.

10370 KristoblXynda the Covert (level 11, -6/94 HPs)
             Began as an Octopode Venom Mage on Jan 27, 2017.
             Was a Believer of Vehumet.
             Mangled by a steam dragon (8 damage)
             ... on level 11 of the Dungeon.
             The game lasted 00:45:21 (12881 turns).

KristoblXynda the Covert (Octopode Venom Mage)     Turns: 12881, Time: 00:45:23

Health: -6/94      AC:  4    Str: 11    XL:     11   Next: 61%
Magic:  1/20       EV: 16    Int: 21    God:    Vehumet [**....]
Gold:   192        SH:  5    Dex: 14    Spells: 11/22 levels left

rFire    . . .     SeeInvis .   q - +2 short sword (drain)
rCold    . . .     Gourm    .   w - +0 buckler
rNeg     . . .     Faith    .   (helmet restricted)
rPois    +         Spirit   .   (no amulet)
rElec    .         Reflect  .   n - ring of resist corrosion
rCorr    +         Harm     .   u - +1 ring of protection
MR       .....                  (no ring)
Stlth    ..........             (no ring)
Regen    0.3/turn               (no ring)
                                (no ring)
                                (no ring)
                                (no ring)

@: berserking, very quick
A: almost no armour, stealthy swim, amphibious, 8 rings, constrict 8, thin
metallic scales 1, camouflage 1, agile 1, blurry vision 1, poison resistance,
screaming 1, weak 1, wild magic 1, gelatinous body 1
a: Renounce Religion


You were on level 11 of the Dungeon.
You worshipped Vehumet.
Vehumet was pleased with you.
You were not hungry.

You visited 2 branches of the dungeon, and saw 12 of its levels.

You collected 458 gold pieces.
You spent 266 gold pieces at shops.

Inventory:

Hand Weapons
 q - a +2 short sword of draining (weapon)
Armour
 w - a +0 buckler (worn)
Magical Staves
 s - an uncursed staff of conjuration
 y - an uncursed staff of power
Jewellery
 d - an uncursed ring of teleportation
 n - a ring of resist corrosion (left tentacle)
 u - a +1 ring of protection (right tentacle)
Wands
 z - a wand of scattershot (0/9)
 B - a wand of acid (5/15)
Scrolls
 e - a scroll of fog
 i - 3 scrolls of amnesia
 k - 8 scrolls of remove curse
 v - a scroll of recharging
Potions
 c - 2 potions of ambrosia
 f - a potion of berserk rage
 g - a potion of mutation {unknown}
 l - a potion of lignification
 m - 2 potions of curing
 o - 2 potions of flight
 p - a potion of invisibility
Books
 a - a Young Poisoner's Handbook

   Spells                             Type                      Level
   a - Sting                          Conjuration/Poison           1
   b - Poisonous Vapours              Poison/Air                   2
   c - Mephitic Cloud                 Conjuration/Poison/Air       3
   d - Olgreb's Toxic Radiance        Poison                       4
   e - Venom Bolt                     Conjuration/Poison           5
 r - a book of Battle

   Spells                             Type                      Level
   a - Infusion                       Charms                       1
   b - Shroud of Golubria             Charms/Translocation         2
   c - Song of Slaying                Charms                       2
   d - Spectral Weapon                Hexes/Charms                 3
   e - Regeneration                   Charms/Necromancy            3
 x - a book of Conjurations

   Spells                             Type                      Level
   a - Magic Dart                     Conjuration                  1
   b - Searing Ray                    Conjuration                  2
   c - Dazzling Spray                 Conjuration/Hexes            3
   d - Fulminant Prism                Conjuration/Hexes            4
   e - Iskenderun's Mystic Blast      Conjuration                  4
   f - Iskenderun's Battlesphere      Conjuration/Charms           5
Miscellaneous
 h - a crystal ball of energy
Comestibles
 b - 7 bread rations
 j - 3 chunks of flesh
 t - 4 meat rations
 A - 4 royal jellies


   Skills:
 - Level 1.0 Fighting
 - Level 4.2 Short Blades
 + Level 6.0 Dodging
 - Level 10.0 Stealth
 - Level 4.0 Shields
 - Level 6.3 Spellcasting
 + Level 10.0 Conjurations
 - Level 4.5 Charms
 + Level 4.1 Necromancy
 - Level 4.2 Air Magic
 - Level 4.2 Poison Magic


You had 11 spell levels left.
You knew the following spells:

 Your Spells              Type           Power        Failure   Level  Hunger
a - Iskenderun's Mystic   Conj           ######..     2%          4    ###....
b - Mephitic Cloud        Conj/Pois/Air  #####...     4%          3    #......
c - Regeneration          Chrm/Necr      ####......   10%         3    #......
d - Flame Tongue          Conj/Fire      #####        2%          1    None


Dungeon Overview and Level Annotations

Branches:
Dungeon (11/15)            Temple (1/1) D:6            Lair (0/6) D:11
    Orc (0/2) D:11

Altars:
Ashenzari
Cheibriados
Dithmenos
Elyvilon
Fedhas
Hepliaklqana
Kikubaaqudgha
Makhleb
Nemelex Xobeh
Qazlal
Ru
Trog
Uskayaw
Vehumet
Xom
Yredelemnul
Zin
The Shining One

Shops:
D:9 *   D:10 [   D:11 }

Portals:
Ice
Cave: D:11

Annotations:
D:3 HAL9000's ghost, amateur BaBe
D:8 Maurice


Innate Abilities, Weirdness & Mutations

You cannot wear most types of armour.
You are very stealthy in the water. (Stealth+)
You are amphibious.
You can wear up to eight rings at the same time.
You can use your tentacles to constrict eight enemies at once.
Your skin changes colour to match your surroundings (Stealth+).
Your rubbery body absorbs attacks. (AC +1, EV +1)
You are partially covered in thin metallic scales. (AC +2)
You are agile. (Dex +2)
Scrolls take you a little longer to read.
Your system is resistant to poisons. (rPois)
You occasionally shout uncontrollably at your foes.
You are weak. (Str -2)
Your spells are a little harder to cast, but a little more powerful.


Message History

* * * LOW HITPOINT WARNING * * *
The hippogriff pecks you!
* * * LOW HITPOINT WARNING * * *
The hippogriff barely misses you. The steam dragon misses you.
The steam dragon completely misses you.
You hit the hippogriff.
The hippogriff is heavily wounded.
You hear the quick crackling of a melting archway nearby.
You hit the hippogriff.
The hippogriff is severely wounded.
The ice beast barely misses you.
The hippogriff is engulfed in noxious fumes.
The hippogriff appears confused.
The hippogriff bites you.
* * * LOW HITPOINT WARNING * * *
The hippogriff pecks you.
* * * LOW HITPOINT WARNING * * *
The hippogriff claws you!
* * * LOW HITPOINT WARNING * * *
The crimson imp blinks!
The steam dragon bites you!
You die...

#..(..###...#
##....## #.#.#
##...#.# #.#.#
##y..##....#...#
#.
#..#.#####.....###
.#.#####.##.#
##.......
....H..§H<..#
##.#.###.
###.####D#>##
#....###.
#..###@###
#.......# #.##YH#
#########
####...>## ######
#.)).(####
#....### ##
#.(......#
#....##.
#..##†).).##...#
#∩...... #...##.##
#.# #....##.
.......#8##.# ..
#....###
......##.##.#
######


You could see 2 hippogriffs, a steam dragon (confused), an ice beast and a
killer bee (confused).

Vanquished Creatures
  Fannar (D:10)
  Erica (D:10)
  2 two-headed ogres
  Pikel (D:4)
  A rime drake (D:7)
  Psyche (D:9)
  2 ice devils (D:11)
  A tengu conjurer (D:9)
  2 trolls
  2 hornets
  A slime creature (D:9)
  2 yaks (D:11)
  2 hogs (D:11)
  A wyvern (D:9)
  A human (D:11)
  Edmund (D:5)
  A water moccasin (D:6)
  Purgy (D:4)
  2 sky beasts
  3 slaves (D:4)
  3 ice beasts
  An orc warrior (D:11)
  A black bear (D:6)
  4 ogres
  2 phantoms (D:8)
  4 centaurs
  A crocodile (D:9)
  4 bullfrogs
  A gnoll sergeant (D:10)
  A wyvern skeleton (D:9)
  2 scorpions
  9 killer bees
  4 wights (D:6)
  3 howler monkeys
  3 crimson imps
  2 jellies
  A bullfrog zombie (D:6)
  A centaur zombie (D:9)
  2 orc priests
  A gnoll shaman (D:10)
  7 hounds
  4 orc wizards
  A bullfrog skeleton (D:11)
  A centaur skeleton (D:4)
  3 iguanas
  11 worker ants
  A worker ant zombie (D:9)
  14 gnolls
  2 howler monkey skeletons
  10 adders
  2 shadow imps
  2 worms
  4 dart slugs
  5 leopard geckos
  23 orcs
  5 bats
  4 giant cockroaches
  17 goblins
  5 hobgoblins
  20 jackals
  2 quokkas
  2 frilled lizards
  A giant cockroach zombie (D:6)
  6 kobolds
  A quokka zombie (D:6)
  2 rats
234 creatures vanquished.

Notes
Turn   | Place    | Note
-------+----------+-------------------------------------------
     0 | D:1      | KristoblXynda the Octopode Venom Mage began the quest for the Orb.
     0 | D:1      | Reached XP level 1. HP: 11/11 MP: 3/3
   192 | D:1      | Reached XP level 2. HP: 13/17 MP: 0/5
   611 | D:1      | Reached XP level 3. HP: 21/21 MP: 0/6
  1117 | D:2      | Learned a level 3 spell: Mephitic Cloud
  1454 | D:2      | Reached XP level 4. HP: 23/27 MP: 4/8
  2313 | D:3      | Noticed HAL9000's ghost (amateur BaBe)
  2748 | D:3      | Reached skill level 1 in Air Magic
  2748 | D:3      | Reached XP level 5. HP: 10/31 MP: 0/9
  3110 | D:4      | Noticed an ogre
  3120 | D:4      | Killed an ogre
  3120 | D:4      | Reached skill level 1 in Short Blades
  3120 | D:4      | Reached XP level 6. HP: 36/36 MP: 5/10
  3303 | D:4      | Noticed a slave
  3304 | D:4      | Noticed Pikel
  3319 | D:4      | Noticed a slave
  3344 | D:4      | Killed a slave
  3350 | D:4      | Killed a slave
  3416 | D:4      | Noticed Purgy
  3448 | D:4      | Killed Purgy
  3448 | D:4      | Reached skill level 5 in Stealth
  3738 | D:4      | Noticed a slave
  3762 | D:4      | Killed a slave
  3778 | D:4      | Killed Pikel
  3778 | D:4      | Reached XP level 7. HP: 39/41 MP: 4/11
  3778 | D:4      | Reached XP level 8. HP: 44/46 MP: 4/12
  4194 | D:5      | Entered Level 5 of the Dungeon
  4287 | D:5      | Reached skill level 5 in Conjurations
  4315 | D:5      | Found a glowing silver altar of Zin.
  4337 | D:5      | Noticed Edmund
  4349 | D:5      | Killed Edmund
  5162 | D:6      | Found a staircase to the Ecumenical Temple.
  5174 | Temple   | Entered the Ecumenical Temple
  6131 | D:6      | Reached skill level 1 in Shields
  6600 | D:6      | Reached XP level 9. HP: 39/51 MP: 8/13
  6987 | D:7      | Found a sacrificial altar of Ru.
  7208 | D:7      | Learned a level 3 spell: Regeneration
  7313 | D:7      | Found a radiant altar of Vehumet.
  7322 | D:7      | Became a worshipper of Vehumet
  7576 | D:7      | Gained mutation: Your system is resistant to poisons. (rPois) [mutagenic meat]
  7577 | D:7      | Gained mutation: You occasionally shout uncontrollably at your foes. [mutagenic meat]
  7578 | D:7      | Gained mutation: Your spells are a little harder to cast, but a little more powerful. [mutagenic meat]
  7580 | D:7      | Gained mutation: You are partially covered in thin metallic scales. (AC +2) [mutagenic meat]
  7880 | D:7      | Noticed a rime drake
  7880 | D:7      | an ice beast changed into a rime drake
  7898 | D:7      | Killed a rime drake
  8111 | D:8      | Reached skill level 10 in Stealth
  8205 | D:8      | Found an ancient bone altar of Kikubaaqudgha.
  8497 | D:8      | Noticed a two-headed ogre
  8503 | D:8      | Killed a two-headed ogre
  8503 | D:8      | Reached skill level 5 in Spellcasting
  8503 | D:8      | Reached XP level 10. HP: 49/56 MP: 12/17
  8533 | D:8      | Noticed Maurice
  9062 | D:9      | Found Jixkogif's Assorted Antiques.
  9073 | D:9      | Bought a scroll of identify for 76 gold pieces
  9073 | D:9      | Bought a scratched bronze ring for 190 gold pieces
  9136 | D:9      | Reached * piety under Vehumet
  9136 | D:9      | Offered knowledge of Flame Tongue by Vehumet.
  9136 | D:9      | Reached skill level 1 in Fighting
  9139 | D:9      | Learned a level 1 spell: Flame Tongue
  9175 | D:9      | Reached skill level 1 in Charms
  9496 | D:9      | Noticed a four-headed hydra
  9622 | D:8      | Gained mutation: You are weak. (Str -2) [mutagenic meat]
  9623 | D:8      | Gained mutation: You are agile. (Dex +2) [mutagenic meat]
  9625 | D:8      | Gained mutation: Scrolls take you a little longer to read. [mutagenic meat]
  9845 | D:9      | Noticed a two-headed ogre
 10555 | D:9      | Noticed Psyche
 10724 | D:9      | Learned a level 4 spell: Iskenderun's Mystic Blast
 10867 | D:9      | Killed a two-headed ogre
 11314 | D:9      | Killed Psyche
 11319 | D:10     | Entered Level 10 of the Dungeon
 11319 | D:10     | Noticed Fannar
 11377 | D:10     | Found Ammeampi's Armour Boutique.
 11523 | D:10     | Reached XP level 11. HP: 20/63 MP: 8/20
 11526 | D:10     | Reached ** piety under Vehumet
 11526 | D:10     | Offered knowledge of Freeze by Vehumet.
 11734 | D:10     | Noticed Erica
 11749 | D:10     | Killed Erica
 11749 | D:10     | Reached skill level 1 in Necromancy
 11792 | D:10     | Killed Fannar
 11792 | D:10     | Reached skill level 5 in Dodging
 12457 | D:11     | Found a staircase to the Orcish Mines.
 12477 | D:11     | Found a frozen archway.
 12487 | D:11     | HP: 2/63 [ice devil (19)]
 12818 | D:11     | Found a staircase to the Lair.
 12833 | D:11     | Offered knowledge of Static Discharge by Vehumet.
 12836 | D:11     | Found Wuxeicim's Gadget Shoppe.
 12871 | D:11     | Reached skill level 10 in Conjurations
 12881 | D:11     | HP: 2/94 [hippogriff (7)]
 12881 | D:11     | Mangled by a steam dragon

Vault maps used:
D:1:      roderic_crop_circles_arrival_small, minmay_misc_feat_cross, hex_large
D:3:      minmay_misc_feat_diagonals, minmay_goblin_outpost
D:4:      first_bread, uniq_pikel, uniq_purgy
D:5:      kennysheep_mini_moat, glass_columns_c, uniq_edmund
D:6:      temple_fountains
D:7:      lemuel_coloured_pillars_altar, hangedman_ru_absence
D:8:      nicolae_overflow_hidden_temple, kiku_gazebo_garden_becter,
          uniq_maurice
D:9:      minmay_cut_squares, serial_shops, nicolae_shop_stone, uniq_psyche
D:10:     serial_shops, shop, uniq_fannar, uniq_erica
D:11:     lair_entry_dummy, orc_0_dummy, serial_shops, nicolae_shop_statue_plus,
          portal_ice_cave_demonic_guard, grunt_livestock,
          kennysheep_opposing_triangles
Temple:   eino_temple_lava

Skill      XL: |  1  2  3  4  5  6  7  8  9 10 11 |
---------------+----------------------------------+-----
Conjurations   | 2 3 4 6 7 9 10 | 10.0
Poison Magic   | 4 |  4.2
Stealth        | 3 4 6 8 10 | 10.0
Spellcasting   | 3 5 6 |  6.3
Air Magic      | 1 4 |  4.2
Short Blades   | 1 2 4 |  4.2
Dodging        | 3 6 |  6.0
Shields        | 2 4 |  4.0
Fighting       | 1 |  1.0
Charms         | 4 |  4.5
Necromancy     | 4 |  4.1

Action                   |  1- 3 |  4- 6 |  7- 9 | 10-12 || total
-------------------------+-------+-------+-------+-------++-------
Melee: Unarmed           |    18 |       |       |       ||    18
       Constrict         |    13 |    13 |    31 |    58 ||   115
       Dagger            |    21 |       |       |       ||    21
       Tentacles         |     6 |    10 |    29 |    51 ||    96
       Short sword       |       |    69 |   196 |   322 ||   587
 Fire: Blowgun           |       |     3 |       |       ||     3
 Cast: Sting             |    44 |    60 |       |       ||   104
       Mephitic Cloud    |       |     8 |    16 |    48 ||    72
       Flame Tongue      |       |       |       |     4 ||     4
       Iskenderun's Myst |       |       |       |    16 ||    16
Evoke: Wand              |       |       |     3 |     5 ||     8
  Use: Scroll            |     2 |     6 |     7 |     7 ||    22
       Potion            |       |     3 |     3 |     4 ||    10
 Stab: Sleeping          |     1 |     1 |    21 |     4 ||    27
       Confused          |       |     3 |     6 |    28 ||    37
       Distracted        |       |       |       |     3 ||     3
  Eat: Chunk             |     2 |     3 |     7 |     9 ||    21
       Royal jelly       |       |     2 |     1 |       ||     3
       Meat ration       |       |     1 |       |     3 ||     4
       Fruit             |       |       |     4 |       ||     4
       Bread ration      |       |       |     1 |       ||     1
Armor: Skin              |     5 |     4 |    11 |    33 ||    53
Dodge: Dodged            |    25 |    54 |    76 |   149 ||   304
Block: Buckler           |       |       |    16 |    43 ||    59
